 Dungeon Crawl Stone Soup version 0.13.1-22-g086cdba (webtiles) character file.

704 Kae the Soul Tainter (level 6, -1/45 HPs)
             Began as a Demonspawn Death Knight on Jan 2, 2014.
             Was a Priest of Yredelemnul.
             Killed from afar by an orc wizard (8 damage)
             ... with a magic dart
             ... on Level 4 of the Dungeon.
             The game lasted 00:08:07 (3687 turns).

Kae the Soul Tainter (Demonspawn Death Knight)      Turns: 3687, Time: 00:08:07

HP  -1/45        AC 11     Str 16      XL: 6   Next: 99%
MP  13/13        EV 10     Int 12      God: Yredelemnul [***...]
Gold 193         SH  0     Dex 12      Spells:  0 memorised,  5 levels left

Res.Fire  : . . .   See Invis. : .   a - +1 mace
Res.Cold  : + . .   Warding    : .   b - +0 leather armour
Life Prot.: . . .   Conserve   : .   (no shield)
Res.Poison: +       Res.Corr.  : .   v - +0 orc helmet
Res.Elec. : .       Clarity    : .   r - +2 cloak {rPois}
Sust.Abil.: . .     Spirit.Shd : .   (no gloves)
Res.Mut.  : .       Stasis     : .   (no boots)
Res.Rott. : .       Flight     : .   (no amulet)
Saprovore : . . .                    (no ring)
                                     (no ring)

@: slightly resistant to hostile enchantments, very unstealthy
A: talons 1, cold resistance 1, powered by death 1, AC +4
a: Animate Dead, Recall Undead Slaves, Injury Mirror, Renounce Religion


You were on level 4 of the Dungeon.
You worshipped Yredelemnul.
Yredelemnul was most pleased with you.
You were not hungry.

You visited 1 branch of the dungeon, and saw 4 of its levels.

You collected 173 gold pieces.

Inventory:

Hand weapons
 a - a +1,+1 mace (weapon)
Missiles
 d - 35 stones (quivered)
Armour
 b - a +0 leather armour (worn)
 r - a +2 cloak of poison resistance (worn)
 v - a +0 orcish helmet (worn)
Comestibles
 c - 2 bread rations
 j - 2 meat rations
 w - an apple
Scrolls
 f - a scroll of fog {unknown}
 g - a scroll of magic mapping {unknown}
 h - a scroll of curse weapon {unknown}
 i - 9 scrolls of identify {unknown}
 k - 4 scrolls of remove curse {unknown}
 m - a scroll of teleportation {unknown}
 q - 4 scrolls of noise {unknown}
 u - a scroll of curse armour {unknown}
 x - 3 scrolls of enchant weapon I {unknown}
Jewellery
 l - an uncursed amulet of the gourmand {unknown}
Potions
 e - a potion of paralysis {unknown}
 n - a potion of heal wounds {unknown}
 o - a potion of agility {unknown}
 p - a potion of curing {unknown}
 s - a potion of confusion {unknown}
 t - a potion of cure mutation {unknown}


   Skills:
 - Level 2.0 Fighting
 * Level 5.9 Maces & Flails
 - Level 0.8 Armour
 - Level 0.8 Dodging
 + Level 6.3 Invocations


You had 5 spell levels left.
You didn't know any spells.

Dungeon Overview and Level Annotations

Branches:
Dungeon (4/27)
 Temple: D:4-7

Altars:

Annotations:
D:4 Sigmund


Innate Abilities, Weirdness & Mutations

You have sharp toenails.
You are partially covered in iridescent scales (AC +4).
Your flesh is cold resistant.
You can steal the life force of nearby defeated enemies.


Message History

* * * LOW HITPOINT WARNING * * *
You miss it. You claw it. It hits you but does no damage.
You barely miss it. It hits you but does no damage.
You miss it. You claw it. It hits you but does no damage.
You barely miss it. It hits you but does no damage.
You barely miss it. You claw it.
You feel less regenerative. It hits you.
* * * LOW HITPOINT WARNING * * *
You hit it.
You hear some strange, mumbled words.
The puff of flame hits you!
One of your 2 scrolls labeled SMEROI CROIMN catches fire!
One of your 5 scrolls labeled CROKIG XEVUD catches fire!
* * * LOW HITPOINT WARNING * * *
You barely miss it.
You hear some strange, mumbled words.
The magic dart hits you!
You die...
Your body rises from the dead as a mindless zombie.

#.##.###.### .
#...#.....###.#
#. #%.#........#
#.. ##.#.......##
#...#.........#.#
##...#......# .#
#..#..#.######.#
.
#............#.#
##.##.#..#@#.#.#
#. #.#.[{## .#
#.([.#%..#
###.##o..# #..
...# ... ###.#
#### ##


There were no monsters in sight!

Vanquished Creatures
  A hound (D:4)
  5 orc priests
  An orc wizard (D:3)
  2 worker ants (D:4)
  9 adders
  5 gnolls
  A giant mite (D:2)
  2 worms
  A giant gecko (D:2)
  An ooze (D:4)
  9 orcs
  3 ball pythons
  6 bats
  8 giant cockroaches
  14 goblins
  7 hobgoblins
  4 jackals (D:4)
  5 kobolds
  A quokka (D:2)
  6 giant newts
  9 rats
100 creatures vanquished.

Vanquished Creatures (collateral kills)
  2 adders (D:2)
  A hobgoblin (D:3)
  A kobold (D:2)
4 creatures vanquished.

Vanquished Creatures (others)
  A bat zombie (D:3)
  2 gnoll zombies (D:4)
  2 giant newt zombies (D:4)
  3 goblin zombies
  A kobold zombie (D:3)
  An orc zombie (D:4)
  A quokka zombie (D:2)
  A rat zombie (D:2)
12 creatures vanquished.

Grand Total: 116 creatures vanquished

Notes
Turn   | Place    | Note
--------------------------------------------------------------
     0 | D:1      | Kae, the Demonspawn Death Knight, began the quest for the Orb.
     0 | D:1      | Reached XP level 1. HP: 16/16 MP: 2/2
   262 | D:1      | Reached skill level 4 in Invocations
   262 | D:1      | Gained mutation: You are partially covered in iridescent scales (AC +4). [demonic ancestry]
   262 | D:1      | Reached XP level 2. HP: 2/22 MP: 4/4
   707 | D:1      | Gained mutation: You can steal the life force of nearby defeated enemies. [demonic ancestry]
   707 | D:1      | Reached XP level 3. HP: 22/27 MP: 6/6
  1263 | D:2      | Acquired Yredelemnul's second power
  1306 | D:2      | Reached XP level 4. HP: 28/34 MP: 8/8
  1519 | D:2      | Reached skill level 5 in Invocations
  2061 | D:2      | Gained mutation: You have sharp toenails. [demonic ancestry]
  2061 | D:2      | Reached XP level 5. HP: 39/39 MP: 10/10
  2777 | D:3      | Acquired Yredelemnul's third power
  2782 | D:3      | Gained mutation: Your flesh is cold resistant. [demonic ancestry]
  2782 | D:3      | Reached XP level 6. HP: 35/45 MP: 12/12
  2855 | D:3      | Reached skill level 5 in Maces & Flails
  3243 | D:4      | Noticed Sigmund
  3634 | D:4      | Reached skill level 6 in Invocations
  3687 | D:4      | Killed from afar by an orc wizard

Action                   |  1- 3 |  4- 6 || total
-------------------------+-------+-------++-------
Melee: Mace              |   126 |   259 ||   385
Invok: Animate Remains   |     8 |     6 ||    14
       Animate Dead      |       |     5 ||     5
       Injury Mirror     |       |     1 ||     1
 Stab: Distracted        |       |     1 ||     1
